| TOP OF THE 1ST |
|
Albuquerque Isotopes batting - Pitching for Las Vegas 51s : RHP Austin Kuhn
|
|
Pitching: RHP Austin Kuhn
|
|
|
Batting: LHB Alfredo de la Cruz
|
0-0: Ball 1-0: Foul Ball, location: 2F 1-1: Ball 2-1: Foul Ball, location: 2F 2-2: Strikes out swinging
|
|
Batting: RHB Sadataka Kuwahara
|
0-0: Ball 1-0: Foul Ball, location: 2F 1-1: Called Strike 1-2: Ball 2-2: Ball 3-2: Foul Ball, location: 2F 3-2: Strikes out swinging, 2-3 out at first.
|
|
Batting: SHB Orlando Torres
|
0-0: Ball 1-0: Ball 2-0: Called Strike 2-1: Ball 3-1: Called Strike 3-2: Foul Ball, location: 2F 3-2: Foul Ball, location: 2F 3-2: Foul Ball, location: 2F 3-2: Strikes out swinging
|
| Top of the 1st over - 0 runs, 0 hits, 0 errors, 0 left on base; Albuquerque 0 - Las Vegas 0 |
| BOTTOM OF THE 1ST |
|
Las Vegas 51s batting - Pitching for Albuquerque Isotopes : RHP Josh Kenyon
|
|
Pitching: RHP Josh Kenyon
|
|
|
Batting: RHB Billy Walker
|
0-0: Ball 1-0: Called Strike 1-1: Foul Ball, location: 2F 1-2: Foul Ball, location: 2F 1-2: Ground out 5-3 (Groundball, 5, EV 98.1 MPH)
|
|
Batting: SHB Masatoshi Akahoshi
|
0-0: Fly out, F7 (Flyball, 78S, EV 91.9 MPH)
|
|
Batting: LHB Bill Armijo
|
0-0: Ball 1-0: Foul Ball, location: 2F 1-1: Fly out, F7 (Flyball, 78S, EV 80.6 MPH)
|
| Bottom of the 1st over - 0 runs, 0 hits, 0 errors, 0 left on base; Albuquerque 0 - Las Vegas 0 |
| TOP OF THE 2ND |
|
Albuquerque Isotopes batting - Pitching for Las Vegas 51s : RHP Austin Kuhn
|
|
Batting: RHB Adrian Rudkilde
|
0-0: Called Strike 0-1: Foul Ball, location: 2F 0-2: Foul Ball, location: 2F 0-2: Foul Ball, location: 2F 0-2: Ball 1-2: Ball 2-2: Strikes out looking
|
|
Batting: SHB D.J. Codd
|
0-0: Ball 1-0: Ball 2-0: Ball 3-0: Base on Balls
|
|
Batting: RHB Logan Morgan
|
0-0: Ball D.J. Codd steals 2nd base 1-0: Ball 2-0: Called Strike 2-1: Swinging Strike 2-2: Strikes out swinging
|
|
Batting: RHB Ben Taylor
|
0-0: SINGLE (Groundball, 6MD, EV 105.0 MPH) D.J. Codd to third Runner from 3rd tries for Home, throw by CF and OUT! 8-2
|
| Top of the 2nd over - 0 runs, 1 hit, 0 errors, 1 left on base; Albuquerque 0 - Las Vegas 0 |
| BOTTOM OF THE 2ND |
|
Las Vegas 51s batting - Pitching for Albuquerque Isotopes : RHP Josh Kenyon
|
|
Batting: SHB Justin Wallace
|
0-0: Ball 1-0: Ball 2-0: Foul Ball, location: 2F 2-1: Called Strike 2-2: Strikes out swinging
|
|
Batting: RHB Andy Carrell
|
0-0: Foul Ball, location: 2F 0-1: Ball 1-1: Ball 2-1: Ball 3-1: Ground out 5-3 (Groundball, 56S, EV 86.2 MPH)
|
|
Batting: SHB Nelson Powell
|
0-0: Ball 1-0: Foul Ball, location: 2F 1-1: Called Strike 1-2: Fly out, F7 (Line Drive, 7, EV 94.4 MPH)
|
| Bottom of the 2nd over - 0 runs, 0 hits, 0 errors, 0 left on base; Albuquerque 0 - Las Vegas 0 |
| TOP OF THE 3RD |
|
Albuquerque Isotopes batting - Pitching for Las Vegas 51s : RHP Austin Kuhn
|
|
Batting: RHB Herb McIntyre
|
0-0: Swinging Strike 0-1: Called Strike 0-2: Ball 1-2: Strikes out swinging
|
|
Batting: RHB Vinny Estrada
|
0-0: Ball 1-0: Ball 2-0: Called Strike 2-1: Foul Ball, location: 2F 2-2: Foul Ball, location: 2F 2-2: Fly out, F5 (Popup, 56S, EV 80.0 MPH)
|
|
Batting: LHB Alfredo de la Cruz
|
0-0: Called Strike 0-1: Ball 1-1: Swinging Strike 1-2: Strikes out swinging
|
| Top of the 3rd over - 0 runs, 0 hits, 0 errors, 0 left on base; Albuquerque 0 - Las Vegas 0 |
| BOTTOM OF THE 3RD |
|
Las Vegas 51s batting - Pitching for Albuquerque Isotopes : RHP Josh Kenyon
|
|
Batting: RHB Devine Adams
|
0-0: Fly out, F5 (Popup, 5S, EV 82.5 MPH)
|
|
Batting: RHB Omar Novoa
|
0-0: Called Strike 0-1: Ground out 5-3 (Groundball, 5, EV 76.9 MPH)
|
|
Batting: RHB Koen van Oort
|
0-0: Called Strike 0-1: Foul Ball, location: 2F 0-2: Ball 1-2: Ground out 1-3 (Groundball, 13, EV 69.4 MPH)
|
| Bottom of the 3rd over - 0 runs, 0 hits, 0 errors, 0 left on base; Albuquerque 0 - Las Vegas 0 |
| TOP OF THE 4TH |
|
Albuquerque Isotopes batting - Pitching for Las Vegas 51s : RHP Austin Kuhn
|
|
Batting: RHB Sadataka Kuwahara
|
0-0: Called Strike 0-1: Ball 1-1: Ground out 4-3 (Groundball, 34, EV 102.5 MPH)
|
|
Batting: SHB Orlando Torres
|
0-0: Ball 1-0: Called Strike 1-1: Foul Ball, location: 2F 1-2: Ball 2-2: Fly out, F8 (Flyball, 8RM, EV 89.4 MPH)
|
|
Batting: RHB Adrian Rudkilde
|
0-0: Foul Ball, location: 2F 0-1: Ball 1-1: Called Strike 1-2: Ball 2-2: SINGLE (Line Drive, 6D, EV 88.1 MPH)
|
|
Batting: SHB D.J. Codd
|
0-0: Ball Adrian Rudkilde steals 2nd, throwing error, E2 Adrian Rudkilde to third 1-0: Ball Wild Pitch! Adrian Rudkilde scores 2-0: Ball 3-0: Base on Balls
|
|
Batting: RHB Logan Morgan
|
0-0: Called Strike 0-1: Swinging Strike 0-2: Ball 1-2: Strikes out looking
|
| Top of the 4th over - 1 run, 1 hit, 1 error, 1 left on base; Albuquerque 1 - Las Vegas 0 |
| BOTTOM OF THE 4TH |
|
Las Vegas 51s batting - Pitching for Albuquerque Isotopes : RHP Josh Kenyon
|
|
Batting: RHB Billy Walker
|
0-0: Foul Ball, location: 2F 0-1: Ball 1-1: Foul Ball, location: 2F 1-2: Hit by Pitch
|
|
Batting: SHB Masatoshi Akahoshi
|
0-0: Called Strike Billy Walker steals 2nd base 0-1: Ball 1-1: Ball 2-1: Ground out U3 (Groundball, 3L, EV 104.4 MPH) Billy Walker to third
|
|
Batting: LHB Bill Armijo
|
0-0: Fly out, F7 (Line Drive, 78M, EV 90.6 MPH) Runner from 3rd tags up, SCORES, throw by LF
|
|
Batting: SHB Justin Wallace
|
0-0: Ball 1-0: Ball 2-0: Ball 3-0: Base on Balls
|
|
Batting: RHB Andy Carrell
|
0-0: Ball 1-0: Ball 2-0: Foul Ball, location: 2F 2-1: SINGLE (Line Drive, 7S, EV 106.2 MPH) Justin Wallace to second
|
|
Batting: SHB Nelson Powell
|
0-0: Ball 1-0: Ball 2-0: Swinging Strike 2-1: Called Strike 2-2: Foul Ball, location: 2F 2-2: Ball 3-2: Ground out 4-3 (Groundball, 34D, EV 97.5 MPH)
|
| Bottom of the 4th over - 1 run, 1 hit, 0 errors, 2 left on base; Albuquerque 1 - Las Vegas 1 |
| TOP OF THE 5TH |
|
Albuquerque Isotopes batting - Pitching for Las Vegas 51s : RHP Austin Kuhn
|
|
Batting: RHB Ben Taylor
|
0-0: Ball 1-0: Swinging Strike 1-1: Ball 2-1: Called Strike 2-2: Reached on error, E5 (Groundball, 5S, EV 85.6 MPH)
|
|
Batting: RHB Herb McIntyre
|
0-0: Swinging Strike 0-1: Ball 1-1: Ball 2-1: Foul Ball, location: 2F 2-2: Ball 3-2: Foul Ball, location: 2F 3-2: Ground out 5-3 (Groundball, 56S, EV 71.9 MPH) Ben Taylor to second
|
|
Batting: RHB Vinny Estrada
|
0-0: Ball 1-0: Ball 2-0: Ball 3-0: Base on Balls
|
|
Batting: LHB Alfredo de la Cruz
|
0-0: Called Strike 0-1: Ball 1-1: Ball 2-1: Ball 3-1: Base on Balls Ben Taylor to third Vinny Estrada to second
|
|
Batting: RHB Sadataka Kuwahara
|
0-0: Ball 1-0: Ball 2-0: Ball 3-0: Base on Balls Ben Taylor scores Vinny Estrada to third Alfredo de la Cruz to second
|
|
Batting: SHB Orlando Torres
|
0-0: Swinging Strike 0-1: Ball 1-1: Swinging Strike 1-2: Ball 2-2: Ball 3-2: Base on Balls Vinny Estrada scores Alfredo de la Cruz to third Sadataka Kuwahara to second
|
|
Pitching: RHP Jason Vulich
|
|
|
Batting: RHB Adrian Rudkilde
|
0-0: Foul Ball, location: 2F 0-1: Called Strike 0-2: Ball 1-2: SINGLE (Flyball, 3D, EV 92.5 MPH) Alfredo de la Cruz scores Sadataka Kuwahara to third Orlando Torres to second
|
|
Batting: SHB D.J. Codd
|
0-0: Ball Wild Pitch! Sadataka Kuwahara scores Orlando Torres to third Adrian Rudkilde to second 1-0: SINGLE (Groundball, 4MD, EV 103.1 MPH) Orlando Torres scores Adrian Rudkilde to third Runner from 3rd tries for Home, throw by CF and OUT! 8-2
|
|
Batting: RHB Logan Morgan
|
0-0: Ball 1-0: Called Strike 1-1: Ball 2-1: Swinging Strike 2-2: SINGLE (Groundball, P, EV 91.9 MPH) (infield hit) D.J. Codd to second
|
|
Batting: RHB Ben Taylor
|
0-0: Swinging Strike 0-1: Ball 1-1: Ball 2-1: Foul Ball, location: 2F 2-2: Strikes out swinging
|
| Top of the 5th over - 5 runs, 3 hits, 1 error, 2 left on base; Albuquerque 6 - Las Vegas 1 |
| BOTTOM OF THE 5TH |
|
Las Vegas 51s batting - Pitching for Albuquerque Isotopes : RHP Josh Kenyon
|
|
Batting: RHB Devine Adams
|
0-0: Called Strike 0-1: Foul Ball, location: 2F 0-2: Ball 1-2: SINGLE (Groundball, 56S, EV 68.1 MPH) (infield hit)
|
|
Batting: RHB Omar Novoa
|
0-0: Ball 1-0: Swinging Strike 1-1: Ball 2-1: Grounds into double play, 6-4-3 (Groundball, 6, EV 88.1 MPH)
|
|
Batting: RHB Koen van Oort
|
0-0: Called Strike 0-1: Ball 1-1: Ball 2-1: Ground out 4-3 (Groundball, 4, EV 101.9 MPH)
|
| Bottom of the 5th over - 0 runs, 1 hit, 0 errors, 0 left on base; Albuquerque 6 - Las Vegas 1 |
| TOP OF THE 6TH |
|
Albuquerque Isotopes batting - Pitching for Las Vegas 51s : RHP Jason Vulich
|
|
Batting: RHB Herb McIntyre
|
0-0: Called Strike 0-1: Ball 1-1: Ball 2-1: Swinging Strike 2-2: Ball 3-2: Base on Balls
|
|
Batting: RHB Vinny Estrada
|
0-0: Called Strike 0-1: Ball 1-1: Ball 2-1: Foul Ball, location: 2F 2-2: SINGLE (Line Drive, 56D, EV 94.4 MPH) Herb McIntyre to second
|
|
Batting: LHB Alfredo de la Cruz
|
0-0: Foul Ball, location: 2F 0-1: Ball 1-1: Grounds out, U3 (Groundball, 3L, EV 78.8 MPH) Herb McIntyre to third
|
|
Batting: RHB Sadataka Kuwahara
|
0-0: Ground out 5-3 (Groundball, 56, EV 81.9 MPH) Herb McIntyre scores
|
|
Batting: SHB Orlando Torres
|
0-0: Called Strike 0-1: Ball 1-1: Called Strike 1-2: Ball 2-2: Foul Ball, location: 2F 2-2: Foul Ball, location: 2F 2-2: Foul Ball, location: 2F 2-2: Foul Ball, location: 2F 2-2: Strikes out looking
|
| Top of the 6th over - 1 run, 1 hit, 0 errors, 1 left on base; Albuquerque 7 - Las Vegas 1 |
| BOTTOM OF THE 6TH |
|
Las Vegas 51s batting - Pitching for Albuquerque Isotopes : RHP Josh Kenyon
|
|
Batting: RHB Billy Walker
|
0-0: Ball 1-0: Ball 2-0: Ball 3-0: Called Strike 3-1: Base on Balls
|
|
Batting: SHB Masatoshi Akahoshi
|
0-0: Called Strike 0-1: Ball 1-1: Reached on error, E6 (Groundball, 6, EV 84.4 MPH) Billy Walker to second
|
|
Batting: LHB Bill Armijo
|
0-0: Ball 1-0: Ball 2-0: Fly out, F9 (Line Drive, 9, EV 91.2 MPH)
|
|
Batting: SHB Justin Wallace
|
0-0: Ball 1-0: Foul Ball, location: 2F 1-1: Foul Ball, location: 2F 1-2: SINGLE (Line Drive, 78S, EV 110.0 MPH) Billy Walker to third Masatoshi Akahoshi to second Runner from 3rd tries for Home, SAFE, throw by LF to home
|
|
Batting: RHB Andy Carrell
|
0-0: Ball Wild Pitch! Masatoshi Akahoshi to third Justin Wallace to second 1-0: Foul Ball, location: 2F 1-1: Ball 2-1: Swinging Strike 2-2: Foul Ball, location: 2F 2-2: SINGLE (Line Drive, 8RS, EV 100.0 MPH) Masatoshi Akahoshi scores Justin Wallace to third
|
|
Batting: SHB Nelson Powell
|
0-0: Called Strike 0-1: Ball 1-1: Swinging Strike 1-2: Strikes out looking
|
|
Batting: RHB Devine Adams
|
0-0: Called Strike 0-1: Ball 1-1: Ball 2-1: Ball 3-1: Foul Ball, location: 2F 3-2: Foul Ball, location: 2F 3-2: SINGLE (Line Drive, 56D, EV 94.4 MPH) Justin Wallace scores Andy Carrell to second Andy Carrell to third
|
|
Pitching: LHP Matt Wojtkiewicz
|
|
|
Batting: RHB Omar Novoa
|
0-0: Called Strike 0-1: Foul Ball, location: 2F 0-2: Ground out 4-3 (Groundball, 34S, EV 90.6 MPH)
|
| Bottom of the 6th over - 3 runs, 3 hits, 1 error, 2 left on base; Albuquerque 7 - Las Vegas 4 |
| TOP OF THE 7TH |
|
Albuquerque Isotopes batting - Pitching for Las Vegas 51s : RHP Jason Vulich
|
|
Pitching: RHP Shan-tang Chi
|
|
|
Batting: RHB Adrian Rudkilde
|
0-0: Called Strike 0-1: Called Strike 0-2: Strikes out swinging
|
|
Batting: SHB D.J. Codd
|
0-0: Ball 1-0: SOLO HOME RUN (Flyball, 9D, EV 102.5 MPH), Distance : 381 ft
|
|
Batting: RHB Logan Morgan
|
0-0: Called Strike 0-1: Ball 1-1: Foul Ball, location: 2F 1-2: Strikes out looking
|
|
Batting: RHB Ben Taylor
|
0-0: Called Strike 0-1: Ball 1-1: Ball 2-1: Foul Ball, location: 2F 2-2: Ball 3-2: Foul Ball, location: 2F 3-2: Strikes out swinging
|
| Top of the 7th over - 1 run, 1 hit, 0 errors, 0 left on base; Albuquerque 8 - Las Vegas 4 |
| BOTTOM OF THE 7TH |
|
Las Vegas 51s batting - Pitching for Albuquerque Isotopes : LHP Matt Wojtkiewicz
|
|
Batting: RHB Koen van Oort
|
0-0: Ball 1-0: Called Strike 1-1: Called Strike 1-2: Foul Ball, location: 2F 1-2: Ball 2-2: Foul Ball, location: 2F 2-2: Foul Ball, location: 2F 2-2: Ball 3-2: Foul Ball, location: 2F 3-2: Ground out 4-3 (Groundball, 4, EV 85.6 MPH)
|
|
Batting: RHB Billy Walker
|
0-0: Foul Ball, location: 2F 0-1: Called Strike 0-2: Ball 1-2: Ball 2-2: Ball 3-2: Foul Ball, location: 2F 3-2: Base on Balls
|
|
Batting: SHB Masatoshi Akahoshi
|
0-0: Ball 1-0: Ball 2-0: Foul Ball, location: 2F 2-1: Ball Wild Pitch! Billy Walker to second 3-1: SINGLE (Groundball, P, EV 84.4 MPH) (infield hit) Billy Walker to third
|
|
Batting: LHB Bill Armijo
|
0-0: Ball 1-0: Called Strike 1-1: Ball 2-1: Foul Ball, location: 2F 2-2: Ball 3-2: Foul Ball, location: 2F 3-2: Foul Ball, location: 2F 3-2: Fly out, F8 (Flyball, 8LD, EV 99.4 MPH) Runner from 3rd tags up, SCORES, no throw by CF
|
|
Batting: SHB Justin Wallace
|
0-0: Ball 1-0: Fly out, F7 (Flyball, 7, EV 92.5 MPH)
|
| Bottom of the 7th over - 1 run, 1 hit, 0 errors, 1 left on base; Albuquerque 8 - Las Vegas 5 |
| TOP OF THE 8TH |
|
Albuquerque Isotopes batting - Pitching for Las Vegas 51s : RHP Shan-tang Chi
|
|
Batting: RHB Herb McIntyre
|
0-0: Called Strike 0-1: Foul Ball, location: 2F 0-2: Ball 1-2: Strikes out swinging
|
|
Batting: RHB Vinny Estrada
|
0-0: Ball 1-0: Called Strike 1-1: Ball 2-1: Fly out, F7 (Flyball, 7LS, EV 96.2 MPH)
|
|
Batting: LHB Alfredo de la Cruz
|
0-0: Called Strike 0-1: Foul Ball, location: 2F 0-2: Ball 1-2: Ball 2-2: Ball 3-2: Strikes out swinging
|
| Top of the 8th over - 0 runs, 0 hits, 0 errors, 0 left on base; Albuquerque 8 - Las Vegas 5 |
| BOTTOM OF THE 8TH |
|
Las Vegas 51s batting - Pitching for Albuquerque Isotopes : LHP Matt Wojtkiewicz
|
|
Pitching: RHP Brett Rosinsky
|
|
|
Batting: RHB Andy Carrell
|
0-0: Ball 1-0: SOLO HOME RUN (Flyball, 7D, EV 100.0 MPH), Distance : 372 ft
|
|
Batting: SHB Nelson Powell
|
0-0: Called Strike 0-1: SINGLE (Line Drive, 7S, EV 111.2 MPH)
|
|
Batting: RHB Devine Adams
|
0-0: Ball 1-0: Swinging Strike 1-1: Foul Ball, location: 2F 1-2: Foul Ball, location: 2F 1-2: Strikes out swinging
|
|
Pinch Hitting: LHB Jamel Alexander
|
0-0: Ball 1-0: Called Strike 1-1: Ball 2-1: Swinging Strike 2-2: Strikes out swinging
|
|
Batting: RHB Koen van Oort
|
0-0: Fly out, F3 (Line Drive, 3D, EV 63.8 MPH)
|
| Bottom of the 8th over - 1 run, 2 hits, 0 errors, 1 left on base; Albuquerque 8 - Las Vegas 6 |
| TOP OF THE 9TH |
|
Albuquerque Isotopes batting - Pitching for Las Vegas 51s : RHP Shan-tang Chi
|
|
Pitching: RHP Ryan Wilson
|
|
|
Now at 3B: Elias Urbina
|
|
|
Batting: RHB Sadataka Kuwahara
|
0-0: Called Strike 0-1: Ball 1-1: Called Strike 1-2: Ground out 5-3 (Groundball, 5, EV 91.9 MPH)
|
|
Batting: SHB Orlando Torres
|
0-0: Ball 1-0: Called Strike 1-1: Foul Ball, location: 2F 1-2: SINGLE (Line Drive, 89S, EV 108.1 MPH)
|
|
Batting: RHB Adrian Rudkilde
|
0-0: SINGLE (Groundball, 56D, EV 103.8 MPH) Orlando Torres to second
|
|
Batting: SHB D.J. Codd
|
0-0: Fly out, F7 (Flyball, 7LD, EV 75.6 MPH) Runner from 2nd tags up, SAFE at 3rd, no throw by LF
|
|
Batting: RHB Logan Morgan
|
0-0: Foul Ball, location: 2F 0-1: Called Strike 0-2: Ball 1-2: Ball 2-2: SINGLE (Flyball, 9LS, EV 85.0 MPH) Orlando Torres scores Adrian Rudkilde to second Runner from 2nd tries for 3rd, SAFE, throw by RF made to third
|
|
Batting: RHB Ben Taylor
|
0-0: Ball 1-0: Swinging Strike 1-1: Ball 2-1: Ball 3-1: Foul Ball, location: 2F 3-2: Strikes out swinging
|
| Top of the 9th over - 1 run, 3 hits, 0 errors, 2 left on base; Albuquerque 9 - Las Vegas 6 |
| BOTTOM OF THE 9TH |
|
Las Vegas 51s batting - Pitching for Albuquerque Isotopes : RHP Brett Rosinsky
|
|
Pitching: RHP Ernie Schmutz
|
|
|
Batting: RHB Billy Walker
|
0-0: Ground out 5-3 (Groundball, 5, EV 88.8 MPH)
|
|
Batting: SHB Masatoshi Akahoshi
|
0-0: Swinging Strike 0-1: Called Strike 0-2: Strikes out swinging
|
|
Batting: LHB Bill Armijo
|
0-0: Ball 1-0: Called Strike 1-1: Ball 2-1: Fly out, F5 (Popup, 5SF, EV 83.1 MPH)
|
| Bottom of the 9th over - 0 runs, 0 hits, 0 errors, 0 left on base; Albuquerque 9 - Las Vegas 6 |
|